 Dungeon Crawl Stone Soup version 0.22-a0-135-g6f012ad (webtiles) character file.

896 Klosterheim the Chiller (level 7, 0/57 HPs)
             Began as a Black Draconian Ice Elementalist on Jan 31, 2018.
             Was an Initiate of Vehumet.
             Slain by an ice beast (12 damage)
             ... on level 6 of the Dungeon.
             The game lasted 00:11:56 (7074 turns).

Klosterheim the Chiller (DrIE)                      Turns: 7074, Time: 00:11:57

Health: 0/57       AC:  7    Str: 11    XL:     7   Next: 78%
Magic:  7/12       EV: 12    Int: 17    God:    Vehumet [......]
Gold:   136        SH:  0    Dex: 14    Spells: 5/13 levels left

rFire    . . .     SeeInvis .   n - +0 long sword
rCold    . . .     Gourm    .   (no shield)
rNeg     . . .     Faith    .   (armour unavailable)
rPois    .         Spirit   .   (helmet restricted)
rElec    +         Reflect  .   (no cloak)
rCorr    .         Harm     .   f - +0 pair of gloves
MR       +....                  (no boots)
Stlth    ++........             (no amulet)
HPRegen  0.19/turn              o - +3 ring of dexterity
MPRegen  0.13/turn              u - ring of protection from magic

@: no status effects
A: breathe lightning, unfitting armour, electricity resistance, cold-blooded, AC
+6
a: Breathe Lightning, Renounce Religion


You were on level 6 of the Dungeon.
You worshipped Vehumet.
Vehumet was noncommittal.
You were hungry.

You visited 2 branches of the dungeon, and saw 7 of its levels.

You collected 136 gold pieces.

Inventory:

Hand Weapons
 n - a +0 long sword (weapon)
Armour
 f - a +0 pair of gloves (worn)
Jewellery
 o - a +3 ring of dexterity (left hand)
 u - a ring of protection from magic (right hand)
Wands
 j - a wand of flame (16)
 v - a wand of iceblast (7)
Scrolls
 e - a scroll of magic mapping
 h - 2 scrolls of identify
 i - 4 scrolls of remove curse
 k - a scroll of fear
 r - a scroll of enchant weapon {unknown}
Potions
 c - a potion of agility {unknown}
 d - a potion of might
 g - a potion of heal wounds
 l - 2 potions of invisibility
 m - 2 potions of curing
 p - a potion of lignification
 q - a potion of magic {unknown}
 s - a potion of flight {unknown}
Books
 a - a book of Frost

   Spells                             Type                      Level
   a - Freeze                         Ice                          1
   b - Throw Frost                    Conjuration/Ice              2
   c - Ozocubu's Armour               Charms/Ice                   3
   d - Throw Icicle                   Conjuration/Ice              4
   e - Summon Ice Beast               Ice/Summoning                4
Comestibles
 b - 10 rations
 t - a chunk of flesh


   Skills:
 * Level 3.3 Fighting
 - Level 2.0 Dodging
 - Level 1.7 Stealth
 + Level 3.6 Spellcasting
   Level 1.0 Conjurations
 * Level 4.7 Summonings
 * Level 6.3 Ice Magic


You had 5 spell levels left.
You knew the following spells:

 Your Spells              Type           Power        Failure   Level  Hunger
a - Freeze                Ice            ###.         1%          1    None
b - Summon Ice Beast      Ice/Summ       ###.....     17%         4    ####...
c - Ozocubu's Armour      Chrm/Ice       ##......     13%         3    ###....


Dungeon Overview and Level Annotations

Branches:
Dungeon (6/15)             Temple (1/1) D:5

Altars:
Ashenzari
Cheibriados
Dithmenos
Gozag
Hepliaklqana
Kikubaaqudgha
Makhleb
Okawaru
Qazlal
Ru
Sif Muna
Trog
Uskayaw
Vehumet
Wu Jian
Yredelemnul
Zin
The Shining One


Innate Abilities, Weirdness & Mutations

You can breathe wild blasts of lightning.
Your glossy black scales are hard. (AC +6)
You cannot fit into any form of body armour.
You are resistant to electric shocks. (rElec)
You are cold-blooded and may be slowed by cold attacks.


Message History

The ice beast completely resists.
The ice beast hits your ice beast. The ice beast freezes your ice beast.
Your ice beast completely resists.
Your ice beast hits the ice beast.
Your ice beast freezes the ice beast.
The ice beast completely resists.
The ice beast hits your ice beast but does no damage.
Your ice beast hits the ice beast.
Your ice beast freezes the ice beast.
The ice beast completely resists.
The ice beast barely misses your ice beast.
Your ice beast closely misses the ice beast.
The ice beast hits your ice beast. The ice beast freezes your ice beast.
Your ice beast completely resists.
Your ice beast disappears in a puff of smoke!
Casting: Summon Ice Beast (slightly dangerous; 17% risk of failure)
Confirm with . or Enter, or press ? or * to list all spells.
A chill wind blows around you. The ice beast misses you.
The ice beast hits you.
* * * LOW HITPOINT WARNING * * *
The ice beast freezes you!
You die...

#.....>.
#......#
#...).. ###
##..... ##.#
.....# ##..#
#...# ##...#
#..####....##
##.Y.##(....#
###@Y......#
##.......#
#.......#
#.......#
#.....<.##
######...#
##...#
###.... #.##


You could see an ice beast and a friendly ice beast.

Vanquished Creatures
  An ogre (D:5)
  3 scorpions
  A crimson imp (D:5)
  A bullfrog zombie (D:5)
  A howler monkey (D:6)
  A jelly (D:5)
  2 orc wizards (D:4)
  Ijyb (D:3)
  2 worker ants
  3 gnolls (D:3)
  A howler monkey skeleton (D:4)
  8 adders
  An ooze (D:3)
  2 worms
  2 leopard geckos
  13 orcs
  6 giant cockroaches
  5 goblins
  2 hobgoblins
  A jackal (D:6)
  5 kobolds
  2 bats (D:2)
  A frilled lizard (D:4)
  A leopard gecko skeleton (D:5)
  A rat (D:2)
67 creatures vanquished.

Vanquished Creatures (collateral kills)
  A phantom (D:5)
  An ogre (D:5)
  Blork the orc (D:4)
  A jelly (D:5)
  3 hounds (D:5)
  An iguana (D:5)
  A quokka (D:5)
9 creatures vanquished.

Grand Total: 76 creatures vanquished

Notes
Turn   | Place    | Note
-------+----------+-------------------------------------------
     0 | D:1      | Klosterheim the Draconian Ice Elementalist began the quest for the Orb.
     0 | D:1      | Reached XP level 1. HP: 14/14 MP: 3/3
   486 | D:1      | Reached XP level 2. HP: 12/20 MP: 0/5
  1374 | D:2      | HP: 1/20 [worm (7)]
  1964 | D:2      | Reached skill level 4 in Ice Magic
  1964 | D:2      | Reached XP level 3. HP: 23/26 MP: 1/6
  2334 | D:2      | Found a shattered altar of Ashenzari.
  3137 | D:3      | Reached XP level 4. HP: 30/33 MP: 2/8
  3515 | D:3      | Learned a level 4 spell: Summon Ice Beast
  3979 | D:3      | Found a glowing golden altar of the Shining One.
  3980 | D:3      | Found an ancient bone altar of Kikubaaqudgha.
  4018 | D:4      | Noticed a phantom
  4386 | D:4      | Reached skill level 1 in Summonings
  4444 | D:4      | Noticed Ijyb
  4448 | D:4      | Noticed Blork the orc
  4647 | D:3      | Killed Ijyb
  4647 | D:3      | Reached XP level 5. HP: 25/38 MP: 1/9
  4760 | D:4      | Killed Blork the orc
  4760 | D:4      | Reached skill level 5 in Ice Magic
  5114 | D:4      | Found an opulent altar of Gozag.
  5141 | D:4      | Reached XP level 6. HP: 40/45 MP: 5/10
  5412 | D:5      | Entered Level 5 of the Dungeon
  5451 | D:5      | Learned a level 3 spell: Ozocubu's Armour
  5466 | D:5      | Reached skill level 1 in Fighting
  5848 | D:4      | Your scales start taking on a glossy black colour.
  5848 | D:4      | Reached XP level 7. HP: 26/53 MP: 7/11
  5848 | D:4      | Gained mutation: You are resistant to electric shocks. (rElec) [Black Draconian growth]
  6112 | D:5      | Found a staircase to the Ecumenical Temple.
  6146 | Temple   | Entered the Ecumenical Temple
  6320 | Temple   | Became a worshipper of Vehumet
  6457 | D:5      | Reached skill level 6 in Ice Magic
  6595 | D:5      | Found a stormy altar of Qazlal.
  7074 | D:6      | Slain by an ice beast

Vault maps used:
D:1:      elethiomel_arrival_infinity_welcomes_careful_drivers
D:2:      wad_pebble_path, nicolae_overflow_hidden_temple, first_ration
D:3:      gammafunk_temple_overflow_pools, kennysheep_cross_room
D:4:      nicolae_gozag_seed_capital, uniq_ijyb, uniq_blork_the_orc
D:5:      old_standard_altar, minmay_temple_entry_glassed_door
D:6:      overflow_temple_1_default, uniq_grinder
Temple:   regret_index_temple_generic_petals

Skill      XL: |  1  2  3  4  5  6  7 |
---------------+----------------------+-----
Ice Magic      | 4 5 6 |  6.3
Spellcasting   | 3 |  3.6
Summonings     | 1 3 4 |  4.7
Fighting       | 1 3 |  3.3
Dodging        | 2 |  2.0
Stealth        | |  1.7
Conjurations   | |  1.0

Action                   |  1- 3 |  4- 6 |  7- 9 || total
-------------------------+-------+-------+-------++-------
Melee: Unarmed           |    14 |       |       ||    14
       Long sword        |     3 |    41 |    37 ||    81
       Tailslap          |     1 |     4 |     7 ||    12
 Cast: Freeze            |    54 |    56 |    21 ||   131
       Summon Ice Beast  |       |     2 |     7 ||     9
       Ozocubu's Armour  |       |     1 |       ||     1
  Use: Scroll            |       |    12 |       ||    12
 Stab: Sleeping          |     2 |       |       ||     2
  Eat: Chunk             |     7 |     9 |     5 ||    21
Armor: Skin              |    16 |    31 |    18 ||    65
Dodge: Dodged            |    59 |    66 |    47 ||   172
       Rpst.: Long sword |     3 |    18 |    15 ||    36

Table legend:
 A = Spawn XP
 B = Non-spawn XP
 C = Spawn XP percentage of total XP
 D = Spawn monster count
 E = Non-spawn monster count
 F = Spawn count percentage of total count
 G = Total turns spent on level
                    A         B        C        D         E        F      G
               +---------+---------+-------+---------+---------+-------+---------
         Total |       0 |    1280 |   0.0 |       0 |      76 |   0.0 |  7074
               +---------+---------+-------+---------+---------+-------+---------
           D:1 |       0 |      15 |   0.0 |       0 |       7 |   0.0 |  1339
           D:2 |       0 |      56 |   0.0 |       0 |      11 |   0.0 |  1325
           D:3 |       0 |     116 |   0.0 |       0 |      16 |   0.0 |  1899
           D:4 |       0 |     302 |   0.0 |       0 |      15 |   0.0 |  1045
           D:5 |       0 |     740 |   0.0 |       0 |      25 |   0.0 |  1182
           D:6 |       0 |      51 |   0.0 |       0 |       2 |   0.0 |    60
               +---------+---------+-------+---------+---------+-------+---------
